 Dungeon Crawl Stone Soup version 0.19-a0-1686-g35356ef (webtiles) character file.

339 4thArraOfDagon the Ruffian (level 6, 0/59 HPs)
             Began as a Troll Wanderer on Sept 25, 2016.
             Was a Believer of Lugonu.
             Killed from afar by an orc wizard (13 damage)
             ... with a puff of frost
             ... on level 4 of the Dungeon.
             The game lasted 00:04:10 (696 turns).

4thArraOfDagon the Ruffian (Troll Wanderer)          Turns: 696, Time: 00:04:10

Health: 0/59       AC:  6    Str: 18    XL:     6   Next: 29%
Magic:  6/6        EV: 10    Int: 12    God:    Lugonu [**....]
Gold:   44         SH:  0    Dex:  8    Spells: 0 memorised, 5 levels left

rFire  . . .     SeeInvis .     k - +7 war axe of Dominance {chop, rElec Str-2 Stlth+}
rCold  . . .     Gourm    +     c - +0 robe
rNeg   . . .     Faith    .     (no shield)
rPois  .         Spirit   .     (helmet restricted)
rElec  +         Dismiss  .     (no cloak)
rCorr  .         Reflect  .     (gloves unavailable)
MR     .....     Harm     .     (boots unavailable)
Stlth  ++........               h - amulet of inaccuracy (curse)
                                (no ring)
                                (no ring)

@: drained
A: unfitting armour, claws 3, fast metabolism 3, gourmand, regeneration 1,
shaggy fur 1, tough skin 2
a: Depart the Abyss, Bend Space, Renounce Religion


You were on level 4 of the Dungeon.
You worshipped Lugonu.
Lugonu was pleased with you.
You were very full.

You visited 1 branch of the dungeon, and saw 5 of its levels.

You collected 44 gold pieces.

Inventory:

Hand Weapons
 b - a +2 blowgun
 k - the +7 war axe of Dominance (weapon) {chop, rElec Str-2 Stlth+}
   (You found it on level 4 of the Dungeon)

   It inflicts extra damage upon your enemies.
   It affects your strength (-2).
   It insulates you from electricity.
   It makes you more stealthy.
Missiles
 a - 4 curare-tipped needles
Armour
 c - a +0 robe (worn)
Magical Staves
 i - an uncursed staff of wizardry {!a}
Jewellery
 h - a cursed amulet of inaccuracy (around neck)
Scrolls
 d - a scroll of identify {unknown}
Potions
 e - a potion of degeneration
Comestibles
 f - 2 bread rations
 g - a royal jelly
 j - a meat ration


   Skills:
 - Level 2.4(2.0) Fighting
 * Level 1.5(1.2) Axes
   Level 1.2(0.9) Crossbows
 - Level 1.7(1.4) Throwing
 - Level 2.4(2.0) Dodging
 - Level 5.0(4.6) Unarmed Combat
 + Level 2.5(2.1) Invocations


You had 5 spell levels left.
You didn't know any spells.

Dungeon Overview and Level Annotations

Branches:
Dungeon (5/15)
 Temple: D:4-7

Altars:
Fedhas
Kikubaaqudgha
Lugonu


Innate Abilities, Weirdness & Mutations

You are too large for most types of armour.
You have claws for hands.
Your metabolism is lightning-fast.
You like to eat raw meat.
Your natural rate of healing is unusually fast.
You are covered in fur. (AC +1)
You have very tough skin. (AC +2)


Message History

Lugonu accepts your kill.
You miss the orc wizard. You barely miss the orc. You barely miss something.
Something hits you.
You hear some strange, mumbled words.
A puff of flame appears from out of thin air!
The puff of flame misses you.
The puff of flame hits the orc wizard.
The orc completely misses you.
The orc priest hits you with a mace of crushing.
* * * LOW HITPOINT WARNING * * *
x2 The orc wizard hits you with a dagger.
* * * LOW HITPOINT WARNING * * *
Unknown command.
You slash the orc priest!
You kill the orc priest!
Lugonu accepts your kill.
You hit something. You closely miss the orc. You hit the orc wizard.
You hear some strange, mumbled words.
A puff of frost appears from out of thin air!
The puff of frost hits you!
You die...

*,,,,,,,,,,*****,.##*..##..,
*,,,,,,,,,,,,,***,..*#....#.
******,******,,***#.##.o...,
*,,,,,,,..,,,,.......,,
**#######.##**.....#***
#.....#..##..#...#
#.....##....*#...###
#..o))(....###.....##
#..o@..#*#..###..#...
#....(#####.##....##.
#...%...†............
#.....####...........
#.....#**#...........
#.....#,.............
####.......##...........
##.>...####**##....###.(#
**######..##### *****..#..#
*#..


You could see an orc wizard and an orc.

Vanquished Creatures
  3 orc priests (D:4)
  2 hounds
  A bullfrog skeleton (D:5)
  An orc wizard (D:5)
  2 worker ants
  A hound skeleton (D:5)
  A howler monkey skeleton (D:4)
  3 adders (D:2)
  A worm (D:2)
  A leopard gecko (D:5)
  10 orcs
  2 giant cockroaches (D:2)
  3 goblins
  A hobgoblin (D:2)
  A quokka (D:5)
  3 kobolds (D:2)
  2 rats (D:2)
38 creatures vanquished.

Notes
Turn   | Place    | Note
-------+----------+-------------------------------------------
     0 | D:1      | 4thArraOfDagon the Troll Wanderer began the quest for the Orb.
     0 | D:1      | 4thArraOfDagon set off with: 4 curare-tipped needles, a +2 blowgun, a +0 robe, a potion of curing, 2 bread rations
     0 | D:1      | Reached XP level 1. HP: 22/22 MP: 0/0
   168 | D:2      | Found an ancient bone altar of Kikubaaqudgha.
   180 | D:2      | Reached skill level 1 in Unarmed Combat
   180 | D:2      | Reached XP level 2. HP: 28/29 MP: 1/1
   185 | D:2      | Reached skill level 2 in Unarmed Combat
   207 | D:2      | Reached XP level 3. HP: 36/36 MP: 2/2
   228 | D:2      | Found a faded altar of an unknown god.
   246 | D:2      | Became a worshipper of Lugonu the Unformed
   246 | D:2      | Reached * piety under Lugonu
   246 | D:2      | Reached ** piety under Lugonu
   272 | D:2      | Reached skill level 3 in Unarmed Combat
   341 | D:4      | Reached XP level 4. HP: 39/44 MP: 3/3
   359 | D:5      | Entered Level 5 of the Dungeon
   369 | D:5      | Reached skill level 1 in Invocations
   391 | D:5      | Reached skill level 4 in Unarmed Combat
   399 | D:5      | Reached XP level 5. HP: 17/50 MP: 3/5
   438 | D:5      | Found a blossoming altar of Fedhas.
   597 | D:4      | Got a brightly glowing war axe
   598 | D:4      | Identified the +7 war axe of Dominance {chop, rElec Str-2 Stlth+} (You found it on level 4 of the Dungeon)
   602 | D:4      | Reached skill level 5 in Unarmed Combat
   658 | D:4      | Reached XP level 6. HP: 23/59 MP: 6/6
   687 | D:4      | Reached skill level 1 in Axes
   696 | D:4      | Killed from afar by an orc wizard

Vault maps used:
D:1:      matt_arrival_spirals, serial_bayou_crossing
D:2:      nicolae_overflow_hidden_temple, kiku_gazebo_garden_becter,
          ecumenical_altar_2
D:3:      serial_bayou, serial_bayou_pond_e, serial_bayou_pond_a,
          serial_bayou_pond_d, serial_bayou_lake_a
D:4:      first_bread
D:5:      tgw_sif, fedhas_altar_1, uniq_grinder

Skill      XL: |  1  2  3  4  5  6 |
---------------+-------------------+-----
Unarmed Combat | 1 2 3 4 5 |  5.0
Invocations    | 1 2 |  2.5
Axes           | 1 |  1.5
Fighting       | |  2.4
Crossbows      | |  1.2
Throwing       | |  1.7
Dodging        | |  2.4

Action                   |  1- 3 |  4- 6 || total
-------------------------+-------+-------++-------
Melee: Unarmed           |    66 |    56 ||   122
       War axe           |       |    42 ||    42
  Use: Potion            |       |     4 ||     4
       Scroll            |       |     2 ||     2
  Eat: Chunk             |       |    10 ||    10
       Pizza             |       |     1 ||     1
Armor: Robe              |    33 |    32 ||    65
Dodge: Dodged            |    39 |    74 ||   113
